 Dungeon Crawl Stone Soup version 0.29.1-1-gd02db6906a (webtiles) character file.

Game seed: 631858205057552308

48 Aibolit the Insei (level 4, -11/32 HPs)
             Began as a Djinni Transmuter on Sept 21, 2022.
             Mangled by an iguana (14 damage)
             ... on level 3 of the Dungeon.
             The game lasted 00:17:39 (3586 turns).

Aibolit the Insei (Djinni Transmuter)               Turns: 3586, Time: 00:17:39

Health: -11/32     AC:  2    Str: 11    XL:     4   Next: 0%
Gold:   71         EV: 12    Int: 15    God:
                   SH:  0    Dex: 13

rFire   + + .      SeeInvis .   h - +0 dagger (elec)
rCold   x . .      Faith    .   (no shield)
rNeg    . . .      Spirit   .   a - +0 robe
rPois   ∞          Reflect  .   (helmet currently unavailable)
rElec   .          Harm     .   (no cloak)
rCorr   .          Rampage  .   (no gloves)
Will    .....                   (boots unavailable)
Stlth   +.........              (no amulet)
HPRegen 0.10/turn               (no ring)
MPRegen 0.00/turn               (no ring)

@: appendages, flying
A: horns 2, flying, sickness immunity, fire resistance 2, cold vulnerability 1,
float, innate caster, HP casting, extra vitality 1
a: End Transformation


You were on level 3 of the Dungeon.
You had temporarily grown beastly horns.
You visited 1 branch of the dungeon, and saw 3 of its levels.

You collected 71 gold pieces.

Inventory:

Hand Weapons
 h - a +0 dagger of electrocution (weapon)
Missiles
 e - 4 curare-tipped darts
Armour
 a - a +0 robe (worn)
Wands
 j - a wand of quicksilver (3)
Scrolls
 i - a scroll of magic mapping {unknown}
Potions
 b - a potion of lignification
 c - a potion of curing {unknown}
 d - 3 potions of haste {unknown}
 f - a potion of brilliance {unknown}
 g - 2 potions of heal wounds {unknown}
 k - a potion of attraction {unknown}


   Skills:
 + Level 1.3 Fighting
 + Level 0.2 Short Blades
 + Level 1.1 Axes
 + Level 2.9 Dodging
 + Level 3.2 Unarmed Combat
 + Level 1.9 Spellcasting


You couldn't memorise any spells.
You knew the following spells:

 Your Spells              Type           Power      Damage    Failure   Level
a - Beastly Appendage     Tmut           14%        N/A       11%         1
b - Wereblood             Tmut           7%         N/A       16%         2
c - Spider Form           Tmut/Pois      7%         N/A       30%         3
d - Ice Form              Ice/Tmut       7%         N/A       71%         4
e - Magic Dart            Conj           28%        1d4       11%         1
Your spell library was empty.

Dungeon Overview and Level Annotations

Branches:
Dungeon (3/15)

Altars:


Innate Abilities, Weirdness & Mutations

You have temporarily grown beastly horns.
You are flying.
You are immune to sickness and miasma.
You are immune to poison.
Your flesh is very heat resistant. (rF++)
You are vulnerable to cold. (rC-)
You float through the air rather than walking.
You learn spells naturally, not from books.
Your magical power is your life essence.
You have superior vitality. (+4 MHP)


Message History

There are no items here.
Key pressed, stopping travel.
You reach down and open the door.
There is an open door here.
There is an open door here.
There is an open door here.
There is an open door here.
There is a stone staircase leading down here.
You fly downwards.
Found 8 gold pieces.
There is a stone staircase leading up here.
An iguana comes into view.
The iguana hisses angrily.
The iguana moves out of view.
Casting: Beastly Appendage (safe; 11% risk of failure)
Press: ? - help, Q - select action, (/) - cycle Dir - look around, f - activate
Okay, then.
Casting: Beastly Appendage (safe; 11% risk of failure)
Press: ? - help, Q - select action, (/) - cycle Dir - look around, f - activate You grow a pair of large bovine horns.
Unknown command.
You closely miss the iguana. Your headbutt misses the iguana.
The iguana closely misses you.
You hit the iguana but do no damage. Your punch misses the iguana.
The iguana bites you!
You hit the iguana but do no damage. You headbutt the iguana.
The iguana is lightly wounded.
The iguana bites you.
Hit: h) +0 dagger (elec)
Press: ? - help, Dir - move target, f - iguana
Aim: an iguana (lightly wounded, about 35% to evade your +0 dagger of electrocution)
You closely miss the iguana.
The iguana is lightly wounded.
The iguana bites you!
* * * LOW HITPOINT WARNING * * *
The iguana bites you.
* * * LOW HITPOINT WARNING * * *
There is a stone staircase leading up here.
The iguana bites you!
You die...

..# #.# #.### ##
#...# ..##... ###
....
#..$.##.#######.#
#....l@......#
###.#.########
#...... ....#.###
.#.###.# # #. #.#
# #.. ##+


You could see an iguana.

Vanquished Creatures
  An adder (D:2)
  4 worms (D:2)
  A dart slug (D:1)
  A giant cockroach (D:1)
  2 hobgoblins (D:2)
  A quokka (D:1)
  6 ball pythons
  4 bats (D:1)
  2 frilled lizards
  2 goblins (D:1)
  4 kobolds
  A rat (D:1)
29 creatures vanquished.

Notes
Turn   | Place    | Note
-------+----------+-------------------------------------------
     0 | D:1      | Aibolit the Djinni Transmuter began the quest for the Orb.
     0 | D:1      | Aibolit set off with the following spells memorised:
                  | Beastly Appendage, Wereblood, Spider Form, Ice Form.
     0 | D:1      | Reached XP level 1. HP: 17/17 MP: 0/0
   490 | D:1      | Reached XP level 2. HP: 19/22 MP: 0/0
  2327 | D:2      | Found a faded altar of an unknown god.
  2342 | D:2      | Reached XP level 3. HP: 22/27 MP: 0/0
  2342 | D:2      | Learned a level 1 spell: Magic Dart
  2629 | D:2      | Reached skill level 1 in Axes
  3264 | D:2      | Reached XP level 4. HP: 22/32 MP: 0/0
  3586 | D:3      | Mangled by an iguana

Illustrated notes

Levels and vault maps discovered:
D:1:      wander_arrival_peaceful_grave, layout_basic,
          minmay_misc_feat_ornament, minmay_cut_off
D:2:      layout_loops_corners, shapermc_ecumenical_altar_starsandcircs,
          nicolae_wormholes
D:3:      minmay_chambers_of_twos, layout_basic, mainiacjoe_overflow_24_doors,
          skrybe_limestone_x, uniq_sigmund, uniq_natasha

Skill      XL: |  1  2  3 |
---------------+----------+-----
Axes           | 1 |  1.1
Fighting       | |  1.3
Short Blades   | |  0.2
Dodging        | |  2.9
Unarmed Combat | |  3.2
Spellcasting   | |  1.9

Action                   |  1- 3 |  4- 6 || total
-------------------------+-------+-------++-------
Melee: War axe           |    62 |       ||    62
       Headbutt          |     8 |     1 ||     9
       Punch             |     3 |       ||     3
       Unarmed           |    19 |       ||    19
       Dagger            |    30 |     4 ||    34
Throw: Stone             |     1 |       ||     1
 Cast: Beastly Appendage |    22 |     1 ||    23
  Use: Scroll            |     1 |       ||     1
Armor: Robe              |    25 |       ||    25
Dodge: Dodged            |    88 |     1 ||    89
